 Dungeon Crawl Stone Soup version 0.21-a0-442-g848f44b (webtiles) character file.

113 Ijustatesigmund the Skirmisher (level 4, -3/33 HPs)
             Began as an Octopode Artificer on Nov 16, 2017.
             Slain by Grinder (10 damage)
             ... while paralysed by Grinder
             ... on level 3 of the Dungeon.
             The game lasted 00:04:53 (2069 turns).

Ijustatesigmund the Skirmisher (Octopode Artificer) Turns: 2069, Time: 00:04:55

Health: -3/33      AC:  1    Str: 14    XL:     4   Next: 96%
Magic:  6/6        EV:  2    Int: 13    God:
Gold:   138        SH:  0    Dex: 13    Spells: 3/3 levels left

rFire    . . .     SeeInvis .   a - +0 flail (crush)
rCold    . . .     Gourm    .   (no shield)
rNeg     . . .     Faith    .   (helmet restricted)
rPois    .         Spirit   .   (no amulet)
rElec    .         Reflect  .   m - +3 ring of strength
rCorr    .         Harm     .   (no ring)
MR       .....                  (no ring)
Stlth    +++.......             (no ring)
HPRegen  0.11/turn              (no ring)
MPRegen  0.10/turn              (no ring)
                                (no ring)
                                (no ring)

@: paralysed
A: almost no armour, stealthy swim, amphibious, 8 rings, constrict 8, camouflage
1, gelatinous body 1
a: no special abilities


You were on level 3 of the Dungeon.
You were not hungry.

You visited 1 branch of the dungeon, and saw 3 of its levels.

You collected 138 gold pieces.

Inventory:

Hand Weapons
 a - a +0 flail of crushing (weapon)
Jewellery
 j - a +3 amulet of reflection {unknown}
 m - a +3 ring of strength (left tentacle)
Wands
 b - a wand of flame (10/48)
 c - a wand of enslavement (12/24)
 d - a wand of random effects (14/48)
Scrolls
 e - 5 scrolls of remove curse
 h - a scroll of identify
Potions
 g - 2 potions of curing
 n - a potion of brilliance
Comestibles
 f - a bread ration
 i - a meat ration


   Skills:
 + Level 4.1 Fighting
   Level 1.0 Short Blades
 + Level 1.5 Maces & Flails
 - Level 2.0 Dodging
 - Level 1.3 Stealth
 - Level 3.2 Evocations


You had 3 spell levels left.
You didn't know any spells.

Dungeon Overview and Level Annotations

Branches:
Dungeon (3/15)

Altars:

Annotations:
D:3 Grinder


Innate Abilities, Weirdness & Mutations

You cannot wear most types of armour.
You are very stealthy in the water. (Stealth+)
You are amphibious.
You can wear up to eight rings at the same time.
You can use your tentacles to constrict eight enemies at once.
Your skin changes colour to match your surroundings (Stealth+).
Your rubbery body absorbs attacks. (AC +1, EV +1)


Message History

You hear a bark!
You closely miss Grinder. Your grab misses Grinder.
Grinder is lightly wounded.
Grinder hits you.
You writhe in agony.
You sock Grinder! You grab Grinder. You squeeze Grinder, but do no damage.
Grinder is heavily wounded.
You constrict Grinder.
Grinder says, "I used to sell toenails on the black market."
Grinder gestures at you. Pain shoots through your body! The jackal bites you.
You hit Grinder.
Grinder is severely wounded.
You constrict Grinder. The jackal bites you.
* * * LOW HITPOINT WARNING * * *
Grinder gestures at you.
You suddenly lose the ability to move!
You lose your grip on Grinder.
The jackal bites you.
* * * LOW HITPOINT WARNING * * *
Grinder hits you!
You die...

######### #.......# ..
#.......# ##### ...
##.......######.....
....+........'..........
....##.......#..........
.............#.......###
................@5.h....
.##+#............h......
........##...........###
......#.##...........#
.........#.............
.......#.#.....#.###....
..†....#.#.....#.# ....
..÷............... #+#
............#


You could see Grinder and 2 jackals.

Vanquished Creatures
  4 gnolls (D:2)
  2 adders
  3 worms
  3 dart slugs
  An orc (D:3)
  2 giant cockroaches
  8 goblins
  3 hobgoblins
  8 kobolds
  9 bats
  A frilled lizard (D:1)
  5 rats
49 creatures vanquished.

Vanquished Creatures (others)
  An adder (D:2)
  A ball python (D:2)
  A goblin (D:2)
3 creatures vanquished.

Grand Total: 52 creatures vanquished

Notes
Turn   | Place    | Note
-------+----------+-------------------------------------------
     0 | D:1      | Ijustatesigmund the Octopode Artificer began the quest for the Orb.
     0 | D:1      | Reached XP level 1. HP: 13/13 MP: 3/3
   321 | D:1      | Reached skill level 2 in Fighting
   321 | D:1      | Reached XP level 2. HP: 19/19 MP: 4/4
   616 | D:1      | Reached XP level 3. HP: 13/25 MP: 5/5
   982 | D:2      | Reached skill level 3 in Fighting
  1165 | D:2      | Reached XP level 4. HP: 33/33 MP: 6/6
  1345 | D:2      | Reached skill level 1 in Maces & Flails
  1431 | D:2      | Reached skill level 4 in Fighting
  2060 | D:3      | Noticed Grinder
  2060 | D:3      | Paralysed by Grinder for 6 turns
  2069 | D:3      | Paralysed by Grinder for 2 turns
  2069 | D:3      | Slain by Grinder

Vault maps used:
D:1:      nagdon_arrival_zigzag_paths, dk_noncrumbling_4
D:3:      uniq_sigmund, uniq_grinder, uniq_natasha

Skill      XL: |  1  2  3  4 |
---------------+-------------+-----
Fighting       | 2 3 4 |  4.1
Maces & Flails | 1 |  1.5
Short Blades   | |  1.0
Dodging        | |  2.0
Stealth        | |  1.3
Evocations     | |  3.2

Action                   |  1- 3 |  4- 6 || total
-------------------------+-------+-------++-------
Melee: Short sword       |    58 |       ||    58
       Constrict         |    22 |    12 ||    34
       Tentacles         |     4 |     6 ||    10
       Flail             |     2 |    37 ||    39
Evoke: Wand              |     8 |     1 ||     9
  Use: Potion            |     1 |       ||     1
       Scroll            |       |     7 ||     7
 Stab: Sleeping          |     2 |     5 ||     7
       Distracted        |       |     1 ||     1
  Eat: Chunk             |       |     4 ||     4
Armor: Skin              |    14 |     1 ||    15
Dodge: Dodged            |    58 |    26 ||    84

Table legend:
 A = Spawn XP
 B = Non-spawn XP
 C = Spawn XP percentage of total XP
 D = Spawn monster count
 E = Non-spawn monster count
 F = Spawn count percentage of total count
 G = Total turns spent on level
                    A         B        C        D         E        F      G
               +---------+---------+-------+---------+---------+-------+---------
         Total |       0 |     162 |   0.0 |       0 |      49 |   0.0 |  2069
               +---------+---------+-------+---------+---------+-------+---------
           D:1 |       0 |      36 |   0.0 |       0 |      24 |   0.0 |   882
           D:2 |       0 |      95 |   0.0 |       0 |      17 |   0.0 |   871
           D:3 |       0 |      31 |   0.0 |       0 |       8 |   0.0 |   316
               +---------+---------+-------+---------+---------+-------+---------
